[Event "Titled Tuesday Blitz August 1 Late 2023"]
[White "vishwa_vijeta"]
[Black "Mekhitarian, Krikor Sevag"]
[BlackFideId "2107660"]
[WhiteElo "2583"]
[BlackElo "2755"]
[Result "0-1"]
[Round "9"]
[TimeControl "180+1"]
[Date "2023.08.01"]
[WhiteClock "0:00:10"]
[BlackClock "0:00:11"]
[Board "21"]

1. e4 e6 2. d4 d5 3. Bd3 dxe4 4. Bxe4 Nf6 5. Bf3 Nc6 6. Ne2 e5 7. Bxc6+ bxc6 8. dxe5 Qxd1+ 9. Kxd1 Ng4 10. Be3 Nxe3+ 11. fxe3 c5 12. Nf4 Bb7 13. Ke2 O-O-O 14. h4 Re8 15. Nc3 Rxe5 16. Rad1 Bd6 17. Nb5 Ba6 18. c4 Bxb5 19. cxb5 Rhe8 20. Nd5 Kb7 21. Rh3 f5 22. Rf3 g6 23. Nf6 R8e7 24. Nd5 R7e6 25. b3 Re4 26. g3 a6 27. bxa6+ Kxa6 28. Nc3 R4e5 29. Rd5 Kb7 30. Rxe5 Bxe5 31. Kd3 Kc6 32. Ne2 Rd6+ 33. Kc2 Kd5 34. Nf4+ Ke4 35. Rf1 Ra6 36. a4 c4 37. Rd1 Rb6 38. bxc4 Rb2+ 39. Kc1 Ra2 40. Nd3 Bxg3 41. Nc5+ Kxe3 42. Rd3+ Kf2 43. Kb1 Re2 44. a5 Re5 45. a6 Rxc5 46. Ra3 Re5 47. a7 Re8 48. a8=Q Rxa8 49. Rxa8 f4 50. Rc8 f3 51. Rh8 Kg2 52. Rxh7 f2 53. Rf7 f1=Q+ 54. Rxf1 Kxf1 0-1


[Site "https://www.chess.com"]

[Event "Titled Tuesday Blitz August 1 Late 2023"]
[White "Golubka, Petro"]
[Black "Haszon, David"]
[WhiteFideId "14114224"]
[BlackFideId "733610"]
[WhiteElo "2752"]
[BlackElo "2529"]
[Result "0-1"]
[Round "9"]
[TimeControl "180+1"]
[Date "2023.08.01"]
[WhiteClock "0:00:11"]
[BlackClock "0:01:48"]
[Board "22"]

1. e4 c5 2. b3 d6 3. Bb2 Nc6 4. f4 e5 5. Bb5 exf4 6. Nf3 Be7 7. Bxg7 Bf6 8. Bxh8 Bxh8 9. Nc3 Be6 10. Qe2 a6 11. Bxc6+ bxc6 12. O-O Ne7 13. Ng5 Ng6 14. Qh5 Qf6 15. Nxe6 fxe6 16. Qxh7 Bg7 17. e5 Nxe5 18. Ne4 Qe7 19. Nxd6+ Kd7 20. Ne4 Rh8 0-1


[Site "https://www.chess.com"]

[Event "Titled Tuesday Blitz August 1 Late 2023"]
[White "Morefield, Jason"]
[Black "Gasparyan, David"]
[WhiteFideId "30920825"]
[BlackFideId "13311980"]
[WhiteElo "2696"]
[BlackElo "2525"]
[Result "0-1"]
[Round "9"]
[TimeControl "180+1"]
[Date "2023.08.01"]
[WhiteClock "0:00:02"]
[BlackClock "0:00:12"]
[Board "23"]

1. e4 c5 2. Nf3 g6 3. c3 Nf6 4. e5 Nd5 5. d4 cxd4 6. Bc4 Nb6 7. Bb3 d5 8. cxd4 Nc6 9. h3 Bf5 10. Nc3 Bg7 11. O-O O-O 12. Re1 Rc8 13. Bg5 h6 14. Bh4 Qd7 15. Qd2 Na5 16. Rac1 Nac4 17. Qe2 g5 18. Bg3 e6 19. Nh2 Bg6 20. h4 Qe7 21. hxg5 Qxg5 22. Nf3 Qg4 23. Nd1 Be4 24. Nh2 Qxe2 25. Rxe2 Na5 26. Nc3 Bf5 27. Rd1 a6 28. Bh4 Rc7 29. f3 Rfc8 30. Be1 Nbc4 31. Na4 Bf8 32. Nf1 b5 33. Nc3 Nxb3 34. axb3 Na5 35. Nxb5 axb5 36. Bxa5 Rc2 37. Rdd2 Rxd2 38. Rxd2 Ra8 39. b4 Rc8 40. Ne3 Bb1 41. Nd1 Rc1 42. Kf2 Rc4 43. Nc3 Bg6 44. Na2 f6 45. exf6 Kf7 46. b3 Rc8 47. g4 Kxf6 48. Ke3 Be7 49. f4 Kf7 50. Bb6 Ra8 51. Bc5 Bf6 52. Nc3 Ra3 53. Rb2 Kg7 54. Nxb5 Ra1 55. Nc7 Re1+ 56. Kf2 Re4 57. Kf3 Bd8 58. Nb5 h5 59. g5 Bf5 60. Bd6 Bg4+ 61. Kg3 Re3+ 62. Kf2 Rf3+ 63. Kg2 Bb6 64. Be5+ Kg6 65. Nd6 Rd3 66. Rc2 Bxd4 67. Bxd4 Rxd4 68. b5 Rb4 69. Rc6 Rxb3 70. b6 d4 71. b7 Bf3+ 72. Kg3 Bxc6+ 73. Kh4 Bxb7 74. Nc4 Bd5 75. Ne5+ Kg7 76. Kxh5 d3 77. Ng4 Bf3 78. g6 Bxg4+ 79. Kg5 d2 80. f5 Bxf5 0-1


[Site "https://www.chess.com"]

[Event "Titled Tuesday Blitz August 1 Late 2023"]
[White "Annaberdiyev, Meylis"]
[Black "Nikologorsky, Matfei"]
[WhiteFideId "14000563"]
[BlackFideId "24102474"]
[WhiteElo "2681"]
[BlackElo "2396"]
[Result "1-0"]
[Round "9"]
[TimeControl "180+1"]
[Date "2023.08.01"]
[WhiteClock "0:00:48"]
[BlackClock "0:00:11"]
[Board "24"]

1. e4 c5 2. Nf3 e6 3. c3 d5 4. e5 Nc6 5. d4 Nge7 6. Na3 cxd4 7. cxd4 Nf5 8. Nc2 Qb6 9. Bd3 Be7 10. O-O O-O 11. Kh1 Kh8 12. g4 Nh6 13. Bxh6 gxh6 14. Qd2 Rg8 15. Qxh6 Rg7 16. Rg1 Qxb2 17. Rab1 Qxa2 18. Ne3 Qa3 19. Rbd1 Bd7 20. Nf5 exf5 21. gxf5 Rxg1+ 22. Rxg1 Bf8 23. Qf6+ 1-0


[Site "https://www.chess.com"]

[Event "Titled Tuesday Blitz August 1 Late 2023"]
[White "Xiong, Jeffery"]
[Black "Reprintsev, Alexander"]
[WhiteFideId "2047640"]
[BlackFideId "14100541"]
[WhiteElo "2962"]
[BlackElo "2463"]
[Result "1-0"]
[Round "9"]
[TimeControl "180+1"]
[Date "2023.08.01"]
[WhiteClock "0:01:22"]
[BlackClock "0:01:36"]
[Board "25"]

1. e4 d5 2. exd5 Qxd5 3. Nc3 Qd6 4. d4 c6 5. Nf3 Bf5 6. Bd3 Bxd3 7. Qxd3 e6 8. Bg5 Be7 9. Bxe7 Nxe7 10. O-O-O Na6 11. a3 O-O-O 12. Ne5 Rdf8 13. Ne4 Qc7 14. Rhe1 h6 15. Kb1 Nf5 16. g4 Nd6 17. Nc5 Nxc5 18. dxc5 Ne8 19. Qd7+ Qxd7 20. Rxd7 f6 21. Red1 Nc7 22. Ng6 Nd5 23. Nxf8 Rxf8 24. Rxg7 f5 25. c4 Nf6 26. gxf5 exf5 27. b4 a5 28. Kc2 axb4 29. axb4 f4 30. f3 h5 31. Re7 Rg8 32. Rd6 Rg2+ 33. Kd3 Ng8 34. Re8+ Kc7 35. b5 1-0


[Site "https://www.chess.com"]

[Event "Titled Tuesday Blitz August 1 Late 2023"]
[White "Musovic, Armin"]
[Black "Schnaider, Ilan"]
[WhiteFideId "939935"]
[BlackFideId "169013"]
[WhiteElo "2567"]
[BlackElo "2689"]
[Result "1-0"]
[Round "9"]
[TimeControl "180+1"]
[Date "2023.08.01"]
[WhiteClock "0:01:20"]
[BlackClock "0:00:00"]
[Board "27"]

1. a3 e5 2. d4 exd4 3. Qxd4 Nc6 4. Qa4 Nf6 5. Nc3 Be7 6. Bg5 d5 7. O-O-O Be6 8. e4 Nxe4 9. Bxe7 Nxc3 10. Bxd8 Nxa4 11. Bxc7 Rc8 12. Bd6 Kd7 13. Bg3 Nc5 14. Nf3 Rhe8 15. Bb5 a6 16. Ne5+ Ke7 17. Bxc6 bxc6 18. Rhe1 f6 19. Nd3 Nxd3+ 20. Rxd3 Kf7 21. Rb3 Re7 22. Bd6 Rd7 23. Bc5 Rcd8 24. Bd4 Rc8 25. Rb6 c5 26. Bxf6 Bf5 27. Bh4 a5 28. Re5 g6 29. f3 h5 30. h3 Rdc7 31. g4 Bd7 32. Rxd5 Bc6 33. Rxc5 hxg4 34. hxg4 Bd7 35. Rf6+ Kg7 36. Rxc7 Rxc7 37. Kd2 Rc5 38. Rd6 Bc6 39. Bf6+ Kf7 40. g5 Bxf3 41. b4 axb4 42. axb4 Rb5 43. Kc3 Be4 44. Rd4 Bf5 45. Kb3 Be6+ 46. c4 Rb7 47. Kc3 Ke8 48. b5 1-0


[Site "https://www.chess.com"]

[Event "Titled Tuesday Blitz August 1 Late 2023"]
[White "Klukin, Kirill"]
[Black "Santos Flores, Alberto"]
[WhiteFideId "24199273"]
[BlackFideId "3601234"]
[WhiteElo "2688"]
[BlackElo "2563"]
[Result "1-0"]
[Round "9"]
[TimeControl "180+1"]
[Date "2023.08.01"]
[WhiteClock "0:01:00"]
[BlackClock "0:00:06"]
[Board "28"]

1. d4 d5 2. c4 c6 3. Nf3 Nf6 4. Nc3 dxc4 5. e3 b5 6. a4 b4 7. Na2 e6 8. Bxc4 Bb7 9. O-O Nbd7 10. Qe2 Be7 11. Rd1 O-O 12. Bd2 a5 13. Nc1 c5 14. Nb3 cxd4 15. Nfxd4 Qb6 16. Bb5 Nc5 17. Rac1 Nxb3 18. Nxb3 Rac8 19. Be1 h6 20. f3 Rxc1 21. Rxc1 Rc8 22. Rd1 Bd5 23. Nd4 Bc5 24. Bf2 Bb7 25. Nb3 Bc6 26. Rc1 Bb7 27. Rxc5 Rxc5 28. e4 1-0


[Site "https://www.chess.com"]

[Event "Titled Tuesday Blitz August 1 Late 2023"]
[White "Papasimakopoulos, Alexandros"]
[Black "Ambartsumova, Karina"]
[WhiteFideId "4244125"]
[BlackFideId "4166299"]
[WhiteElo "2686"]
[BlackElo "2560"]
[Result "1-0"]
[Round "9"]
[TimeControl "180+1"]
[Date "2023.08.01"]
[WhiteClock "0:00:42"]
[BlackClock "0:00:00"]
[Board "29"]

1. d4 Nf6 2. c4 e6 3. Nc3 d5 4. cxd5 exd5 5. Bg5 c6 6. e3 Nbd7 7. Bd3 Be7 8. Qc2 h6 9. Bh4 Nh5 10. Bxe7 Qxe7 11. O-O-O Nb6 12. Nf3 Be6 13. Kb1 O-O-O 14. Na4 Nxa4 15. Qxa4 Kb8 16. Rc1 Nf6 17. Rc3 Rc8 18. Rhc1 Ne4 19. Ra3 b5 20. Qc2 Rc7 21. Ne5 Rhc8 22. Bxe4 dxe4 23. Qc5 Qxc5 24. Rxc5 f6 25. Ng6 Bf7 26. Nf4 g5 27. Ne2 Bd5 28. Nc3 Rd8 29. Ra5 Bc4 30. b3 Bd3+ 31. Kb2 Kb7 32. a4 a6 33. axb5 cxb5 34. Rxc7+ Kxc7 35. Ra1 f5 36. Na2 Kb6 37. Nb4 a5 38. Nxd3 exd3 39. Rd1 Kc6 40. Rxd3 b4 41. Rd1 Kd5 42. Rc1 Ke4 43. Rc5 f4 44. Re5+ Kd3 45. exf4 gxf4 46. Rxa5 Rxd4 47. Rc5 Ke2 48. Rc2+ Kf1 49. f3 h5 50. g3 fxg3 51. hxg3 Rd3 52. g4 h4 53. Rh2 Rxf3 54. Rxh4 Rf2+ 55. Kc1 Ke2 56. g5 Rg2 57. Rxb4 Rxg5 58. Kc2 Ke3 59. Kc3 Rg8 60. Rc4 Rb8 61. b4 Rb7 62. Rc5 Ke4 63. Kc4 Ra7 64. Rc6 Ra1 65. Kc5 Rb1 66. b5 Rc1+ 67. Kb6 Rb1 68. Ka6 Kd5 69. Rc2 Ra1+ 70. Kb7 Rb1 71. b6 Kd6 72. Ka7 Ra1+ 73. Kb8 Rb1 74. b7 Kd7 75. Rd2+ Kc6 76. Kc8 Rxb7 77. Rc2+ Kd6 78. Kxb7 1-0


[Site "https://www.chess.com"]

[Event "Titled Tuesday Blitz August 1 Late 2023"]
[White "Korchmar, Vasiliy"]
[Black "Kochiev, Ivan"]
[WhiteFideId "24131750"]
[BlackFideId "2917890"]
[WhiteElo "2677"]
[BlackElo "2560"]
[Result "1-0"]
[Round "9"]
[TimeControl "180+1"]
[Date "2023.08.01"]
[WhiteClock "0:00:02"]
[BlackClock "0:00:00"]
[Board "30"]

1. e4 c5 2. d4 cxd4 3. Qxd4 Nc6 4. Qd3 g6 5. Nc3 Bg7 6. Nf3 d6 7. Be2 Bg4 8. O-O Nf6 9. Nd5 O-O 10. c3 Rc8 11. Bg5 Nd7 12. Qd2 Nc5 13. Qf4 Bxf3 14. Bxf3 f6 15. Bh6 g5 16. Bxg5 Ne6 17. Qg4 Nxg5 18. Be2 e6 19. Nf4 Ne5 20. Qh4 Ng6 21. Qg4 Nxf4 22. Qxf4 Nf7 23. Bg4 Re8 24. Bh5 Qa5 25. Bxf7+ Kxf7 26. Qxd6 Red8 27. Qg3 Qe5 28. Qe3 Qg5 29. Qxa7 Qb5 30. a4 Qc6 31. a5 Bf8 32. Qe3 Bc5 33. Qf3 Rg8 34. g3 Rg6 35. b4 Ba7 36. Qh5 Qxc3 37. Rad1 Qc7 38. b5 Bc5 39. b6 Qc6 40. Qxh7+ Rg7 41. Qh5+ Kg8 42. Qf3 f5 43. Rfe1 Rf8 44. Rd2 fxe4 45. Qxe4 Qxe4 46. Rxe4 Rgf7 47. Rxe6 Bxf2+ 48. Kg2 Bc5 49. Rd5 Bb4 50. Rg5+ Rg7 51. Rd5 1-0


[Site "https://www.chess.com"]

[Event "Titled Tuesday Blitz August 1 Late 2023"]
[White "Ardelean, George-Catalin"]
[Black "Graif, William"]
[WhiteFideId "1207091"]
[BlackFideId "2609835"]
[WhiteElo "2674"]
[BlackElo "2558"]
[Result "1-0"]
[Round "9"]
[TimeControl "180+1"]
[Date "2023.08.01"]
[WhiteClock "0:00:09"]
[BlackClock "0:00:11"]
[Board "31"]

1. d4 Nf6 2. Bf4 c5 3. e3 Qb6 4. Nc3 Qxb2 5. Nb5 cxd4 6. exd4 e5 7. Bd2 Nc6 8. Nf3 e4 9. Rb1 Qxa2 10. Ne5 Nxe5 11. dxe5 Nd5 12. c4 a6 13. Ra1 Qb2 14. cxd5 Qxe5 15. Bc3 Qg5 16. Nc7+ Kd8 17. Nxa8 Bc5 18. Qc1 e3 19. Ba5+ b6 20. Qxc5 exf2+ 21. Kxf2 Qf6+ 22. Kg1 Qxa1 23. Bxb6+ Ke8 24. Nc7+ Kd8 25. Ne6+ Ke8 26. Qxc8+ Ke7 27. Bc5+ d6 28. Qxh8 dxc5 29. Qxg7 Qa3 30. Qg5+ f6 31. Qg7+ Kd6 32. Qg3+ Kd7 33. Qxa3 1-0


[Site "https://www.chess.com"]

[Event "Titled Tuesday Blitz August 1 Late 2023"]
[White "Rastbod, Ali"]
[Black "Tikhonov, Viacheslav"]
[WhiteFideId "12567477"]
[BlackFideId "44196407"]
[WhiteElo "2667"]
[BlackElo "2545"]
[Result "1-0"]
[Round "9"]
[TimeControl "180+1"]
[Date "2023.08.01"]
[WhiteClock "0:01:27"]
[BlackClock "0:00:01"]
[Board "32"]

1. Nf3 Nf6 2. g3 e6 3. Bg2 d5 4. O-O Be7 5. d3 O-O 6. Nbd2 c5 7. e4 Nc6 8. Re1 b5 9. e5 Nd7 10. Nf1 Bb7 11. h4 a5 12. h5 h6 13. N1h2 Qb6 14. Ng4 Rfc8 15. Bf4 a4 16. Qd2 b4 17. Bxh6 gxh6 18. Qxh6 Qd8 19. Qf4 Bf8 20. h6 Qe7 21. a3 Nd4 22. Nxd4 cxd4 23. Re2 b3 24. cxb3 axb3 25. Nf6+ Nxf6 26. exf6 Qd6 27. h7+ Kh8 28. Qg5 Kxh7 29. Qh5+ Kg8 30. Re5 Bg7 31. Rg5 Kf8 32. Rxg7 Ke8 33. Qxf7+ Kd8 34. Rg8+ 1-0


[Site "https://www.chess.com"]

[Event "Titled Tuesday Blitz August 1 Late 2023"]
[White "Sreyas Payyappat"]
[Black "Jakubowski, Krzysztof"]
[WhiteFideId "46674969"]
[BlackFideId "1112848"]
[WhiteElo "2529"]
[BlackElo "2655"]
[Result "0-1"]
[Round "9"]
[TimeControl "180+1"]
[Date "2023.08.01"]
[WhiteClock "0:00:03"]
[BlackClock "0:00:24"]
[Board "33"]

1. e4 c5 2. Nf3 e6 3. d4 cxd4 4. Nxd4 Nc6 5. Nc3 Qc7 6. Be3 a6 7. Be2 Nf6 8. O-O Be7 9. f4 d6 10. Bf3 O-O 11. g4 Nd7 12. Kh1 Na5 13. Bg1 b5 14. Bg2 Bb7 15. Qe1 Rac8 16. Rf3 g6 17. Rh3 Rfe8 18. g5 b4 19. Qh4 Nf8 20. Nce2 e5 21. f5 exd4 22. f6 h5 23. Ng3 Bxf6 24. gxf6 Qxc2 25. Re1 Rc5 26. Bxd4 Qd2 27. Nf5 Rxf5 28. Be3 Qc2 29. Rg1 Bxe4 30. Rg3 Bxg2+ 31. R1xg2 Qe4 32. Qh3 Rf1+ 33. Bg1 Rxg1+ 34. Kxg1 Qe1# 0-1


[Site "https://www.chess.com"]

[Event "Titled Tuesday Blitz August 1 Late 2023"]
[White "Romero Pallares, Daniel"]
[Black "Adewumi, Tanitoluwa"]
[WhiteFideId "32025637"]
[BlackFideId "30966396"]
[WhiteElo "2529"]
[BlackElo "2651"]
[Result "0-1"]
[Round "9"]
[TimeControl "180+1"]
[Date "2023.08.01"]
[WhiteClock "0:01:06"]
[BlackClock "0:00:38"]
[Board "34"]

1. g3 Nf6 2. Bg2 e6 3. d3 d5 4. Nd2 Bd6 5. e4 O-O 6. Ngf3 Nbd7 7. O-O c6 8. Re1 e5 9. c3 Re8 10. Qe2 g6 11. h3 b6 12. a4 Ba6 13. c4 Bb4 14. Qd1 Nc5 15. Qc2 dxc4 16. dxc4 Qd3 17. Qxd3 Nxd3 18. Rd1 Rad8 19. Bf1 Bc5 20. Bxd3 Rxd3 21. Kf1 Bxc4 22. Nxc4 Rxd1+ 23. Ke2 Rh1 24. Nfxe5 Nxe4 25. Kf3 Nd2+ 26. Nxd2 Rxe5 27. b3 Ree1 28. b4 Bd4 0-1


[Site "https://www.chess.com"]

[Event "Titled Tuesday Blitz August 1 Late 2023"]
[White "Przybylski, Wojciech"]
[Black "Vlassov, Nikolai"]
[WhiteFideId "1117599"]
[BlackFideId "4103360"]
[WhiteElo "2642"]
[BlackElo "2579"]
[Result "0-1"]
[Round "9"]
[TimeControl "180+1"]
[Date "2023.08.01"]
[WhiteClock "0:00:00"]
[BlackClock "0:00:08"]
[Board "35"]

1. d4 Nf6 2. c4 Nc6 3. Nf3 e6 4. g3 Bb4+ 5. Nc3 Bxc3+ 6. bxc3 O-O 7. Bg2 d6 8. O-O Rb8 9. Qc2 b6 10. e4 Nd7 11. Re1 Ba6 12. Nd2 Na5 13. Bf1 c5 14. Bb2 Qc7 15. Qd3 d5 16. exd5 exd5 17. Qf5 Nxc4 18. Nxc4 Bxc4 19. Bxc4 dxc4 20. Re7 Rbd8 21. dxc5 Qxc5 22. Qxc5 Nxc5 23. Rxa7 Ra8 24. Rc7 Nd3 25. Bc1 Rfc8 26. Rxc8+ Rxc8 27. Be3 b5 28. Rb1 b4 29. Bd4 f6 30. Kf1 bxc3 31. Bxc3 Ra8 32. Ra1 Ra3 33. Bd4 c3 34. Ke2 c2 35. Be3 c1=Q 36. Bxc1 Rxa2+ 37. Kxd3 Rxa1 38. Be3 Kf7 39. h4 h5 40. Ke4 Ke6 41. Kf3 Kf5 42. Bd4 Ra3+ 43. Kg2 Ke4 44. Bc5 Rc3 45. Bf8 Rc7 46. Bd6 Rd7 47. Bc5 Kd3 48. Kf3 Rd5 49. Be3 Rf5+ 50. Kg2 Ke2 51. Bd4 Rf3 52. Bc5 g5 53. hxg5 fxg5 54. Bb6 Rb3 55. Bc5 Kd3 56. Be7 Rb5 57. Bd8 Ke4 58. Be7 Kf5 59. Bd8 Kg4 60. Be7 Rb7 61. Bc5 Rh7 62. Bd4 h4 63. gxh4 gxh4 64. Bc5 h3+ 65. Kh2 Kh4 66. Bd4 Rh6 67. Be3 Rg6 68. Bd4 Rg2+ 69. Kh1 Kg4 70. Bc5 Kf3 71. Bd4 Rg4 72. Be3 Rg2 73. Bd4 h2 74. Be5 Rg1+ 75. Kxh2 Rg2+ 76. Kh3 Kxf2 77. Bd4+ Kf3 78. Be5 Re2 79. Bg3 Re7 80. Bh4 Rh7 81. Kh2 Rxh4+ 82. Kg1 Rh3 0-1


[Site "https://www.chess.com"]

[Event "Titled Tuesday Blitz August 1 Late 2023"]
[White "Kanakaris, Georgios"]
[Black "Piesik, Piotr"]
[WhiteFideId "4209460"]
[BlackFideId "1136194"]
[WhiteElo "2523"]
[BlackElo "2636"]
[Result "1/2-1/2"]
[Round "9"]
[TimeControl "180+1"]
[Date "2023.08.01"]
[WhiteClock "0:00:36"]
[BlackClock "0:00:43"]
[Board "36"]

1. d4 c5 2. d5 e5 3. e4 d6 4. Nc3 Be7 5. Nf3 a6 6. a4 Bg4 7. Bd3 Nd7 8. h3 Bxf3 9. Qxf3 Bg5 10. O-O Bxc1 11. Rfxc1 Ne7 12. a5 O-O 13. Nd1 Ng6 14. g3 Qf6 15. Qxf6 Nxf6 16. Ne3 Ne7 17. Ra3 Rfb8 18. Rb3 Nc8 19. Nc4 Nd7 20. Ra1 b5 21. axb6 Ndxb6 22. Nxb6 Rxb6 23. Rxb6 Nxb6 24. Rxa6 Rxa6 25. Bxa6 Na4 26. b3 Nc3 27. Bd3 Kf8 28. Kf1 f5 29. f3 f4 30. g4 Ke7 31. Ke1 Kd8 32. Kd2 Nb1+ 33. Kd1 Nc3+ 34. Kc1 Kc7 35. Bc4 Kb6 36. Kd2 Nb1+ 37. Kd3 Ka5 38. c3 Na3 39. g5 h6 40. g6 Nb1 41. Kc2 Na3+ 42. Kb2 Nxc4+ 43. bxc4 Kb6 44. Kb3 Ka6 45. Ka4 Kb6 46. Kb3 Ka5 47. Ka3 Kb6 48. Kb3 1/2-1/2


[Site "https://www.chess.com"]

[Event "Titled Tuesday Blitz August 1 Late 2023"]
[White "Michalczak, Thomas"]
[Black "Karaoglan, Doruk"]
[WhiteFideId "4622634"]
[BlackFideId "6390927"]
[WhiteElo "2521"]
[BlackElo "2633"]
[Result "0-1"]
[Round "9"]
[TimeControl "180+1"]
[Date "2023.08.01"]
[WhiteClock "0:00:26"]
[BlackClock "0:00:31"]
[Board "37"]

1. e4 c5 2. c3 Nf6 3. e5 Nd5 4. Nf3 e6 5. d4 cxd4 6. cxd4 b6 7. Nc3 Nxc3 8. bxc3 Qc7 9. Bb5 a6 10. Ba4 b5 11. Bb3 Bb7 12. O-O d6 13. Ng5 d5 14. Qh5 g6 15. Qf3 Bg7 16. Ba3 h6 17. Bd6 Qd7 18. Nh3 Nc6 19. a4 Ne7 20. axb5 axb5 21. Rxa8+ Bxa8 22. Nf4 O-O 23. Nd3 Rc8 24. Nc5 Qa7 25. g4 Nc6 26. h4 b4 27. h5 bxc3 28. hxg6 Nxd4 29. gxf7+ Qxf7 30. Qxf7+ Kxf7 31. Ba4 Bxe5 32. Bxe5 Nf3+ 33. Kg2 Nxe5 34. Nb3 d4+ 35. Kg3 d3 36. f4 Nc4 37. f5 e5 38. Bb5 e4 39. Kf4 Bd5 40. Bd7 Rc7 41. Be6+ Bxe6 42. fxe6+ Kxe6 43. Kxe4 d2 44. Nd4+ Kd7 45. Rf7+ Kc8 46. Rf8+ Kb7 47. Rf1 Nb2 48. Nb5 d1=Q 49. Rxd1 Nxd1 50. Nxc7 Kxc7 51. Kd3 Nf2+ 52. Kxc3 Nxg4 53. Kd4 Nf6 54. Ke5 h5 55. Kf5 Kd6 56. Kg5 Ke5 57. Kh4 Kf4 58. Kh3 Kg5 59. Kh2 h4 60. Kh1 Kg4 61. Kg1 Kg3 62. Kh1 Ng4 63. Kg1 Nf2 64. Kf1 h3 65. Kg1 h2+ 66. Kf1 h1=Q+ 67. Ke2 Qf3+ 68. Kd2 Ne4+ 69. Kc2 Qc3+ 0-1


[Site "https://www.chess.com"]

[Event "Titled Tuesday Blitz August 1 Late 2023"]
[White "Grossboss19"]
[Black "Fishbein, Alexander"]
[BlackFideId "2000377"]
[WhiteElo "2508"]
[BlackElo "2631"]
[Result "1-0"]
[Round "9"]
[TimeControl "180+1"]
[Date "2023.08.01"]
[WhiteClock "0:00:07"]
[BlackClock "0:00:07"]
[Board "38"]

1. e4 c5 2. Nf3 d6 3. Bb5+ Bd7 4. Bxd7+ Nxd7 5. O-O Ngf6 6. Re1 e6 7. c3 Be7 8. d4 O-O 9. Bf4 d5 10. exd5 Nxd5 11. Bg3 cxd4 12. Nxd4 Bf6 13. Nb3 Rc8 14. N1d2 N7b6 15. Be5 Bxe5 16. Rxe5 Qf6 17. Re4 Rfd8 18. Qf3 Qxf3 19. Nxf3 Nc4 20. Rb1 a5 21. a4 Ndb6 22. Ne5 Nxb2 23. Nd4 N6xa4 24. Ree1 Rxc3 25. Ndf3 Rc2 26. Ng5 f6 27. Nxe6 Re8 28. Nf3 Nc3 29. Ned4 Ne2+ 30. Kf1 Nxd4 31. Rxe8+ Kf7 32. Nxd4 Rd2 33. Rb8 Nd3 34. R8xb7+ Kg6 35. Ne6 Rxf2+ 36. Kg1 Rd2 37. Rd7 Kf5 38. Nxg7+ Ke4 39. Ne6 Rc2 40. Rd4+ Ke3 41. Ra4 Rc6 42. Ng7 Nf4 43. Nf5+ Kd3 44. Rxf4 Rc2 45. Ra1 Rc5 46. Ra3+ Kc2 47. Rf2+ Kb1 48. Re3 a4 49. Re1+ Rc1 50. Rxc1+ Kxc1 51. Ra2 Kb1 52. Rxa4 Kb2 53. Ra6 1-0


[Site "https://www.chess.com"]

[Event "Titled Tuesday Blitz August 1 Late 2023"]
[White "Wu, Rochelle"]
[Black "Willy, Stephen"]
[WhiteFideId "30908132"]
[BlackFideId "30981468"]
[WhiteElo "2625"]
[BlackElo "2499"]
[Result "0-1"]
[Round "9"]
[TimeControl "180+1"]
[Date "2023.08.01"]
[WhiteClock "0:00:02"]
[BlackClock "0:00:09"]
[Board "39"]

1. d4 d5 2. c4 e6 3. Nc3 Be7 4. cxd5 exd5 5. Bf4 c6 6. e3 Nf6 7. Bd3 O-O 8. Nge2 h6 9. O-O Nh5 10. Be5 Nd7 11. Qc2 Nxe5 12. dxe5 g6 13. e4 d4 14. Na4 Ng7 15. Rad1 Ne6 16. Bc4 b6 17. Bxe6 Bxe6 18. Nxd4 Qc8 19. f4 c5 20. Nb5 Rd8 21. Rxd8+ Qxd8 22. f5 Bd7 23. Nac3 a6 24. Na3 b5 25. Nd5 Rc8 26. fxg6 fxg6 27. Qf2 Be6 28. Qg3 Kg7 29. Nf4 Bf7 30. e6 Be8 31. Nd5 Qd6 32. Qf3 Qxe6 33. Nc2 c4 34. Nd4 Bc5 35. Qf2 Qe5 36. Rd1 Bf7 37. Kh1 Qxe4 38. Nc3 Qe5 39. Rf1 Rf8 40. Nce2 Bd5 0-1


[Site "https://www.chess.com"]

[Event "Titled Tuesday Blitz August 1 Late 2023"]
[White "Salazar Farias, Luis German"]
[Black "brm72"]
[WhiteFideId "3902170"]
[WhiteElo "2497"]
[BlackElo "2615"]
[Result "0-1"]
[Round "9"]
[TimeControl "180+1"]
[Date "2023.08.01"]
[WhiteClock "0:00:00"]
[BlackClock "0:01:09"]
[Board "40"]

1. d4 Nf6 2. c4 g6 3. Nc3 d5 4. cxd5 Nxd5 5. e4 Nxc3 6. bxc3 Bg7 7. Bc4 c5 8. Ne2 O-O 9. O-O Nc6 10. Be3 Qc7 11. Rc1 b6 12. h4 Bb7 13. h5 Rad8 14. h6 Bh8 15. Nf4 e6 16. Nxe6 fxe6 17. Bxe6+ Rf7 18. d5 Na5 19. c4 Bc8 20. Bxf7+ Qxf7 21. f4 Ba6 22. Qd3 Qd7 23. f5 Re8 24. fxg6 hxg6 25. e5 Kh7 26. Qe4 Rxe5 27. Qf3 Rxe3 28. Qf7+ Qxf7 29. Rxf7+ Kxh6 30. Rxa7 Bxc4 0-1


[Site "https://www.chess.com"]

[Event "Titled Tuesday Blitz August 1 Late 2023"]
[White "Liu, Casper"]
[Black "Ozates, Tuna"]
[WhiteFideId "1454153"]
[BlackFideId "6354521"]
[WhiteElo "2495"]
[BlackElo "2612"]
[Result "0-1"]
[Round "9"]
[TimeControl "180+1"]
[Date "2023.08.01"]
[WhiteClock "0:00:00"]
[BlackClock "0:00:32"]
[Board "41"]

1. e4 c5 2. d4 cxd4 3. Qxd4 Nc6 4. Qe3 g6 5. Nc3 Bg7 6. Bd2 d6 7. O-O-O Be6 8. Nge2 Nf6 9. f3 O-O 10. Nf4 Rc8 11. h4 Qa5 12. Nxe6 fxe6 13. Bc4 Kh8 14. Bxe6 Rb8 15. h5 Nxh5 16. g4 Nf4 17. Bb3 Nd4 18. Nd5 Nxb3+ 19. Qxb3 Ne2+ 20. Kb1 Qc5 21. Rxh7+ Kxh7 22. Rh1+ Bh6 23. Bxh6 Rh8 24. Bf8+ Kg8 25. Nf6+ Kxf8 26. Rxh8+ Kg7 27. Rh7+ Kxf6 0-1


[Site "https://www.chess.com"]

[Event "Titled Tuesday Blitz August 1 Late 2023"]
[White "Tologon tegin, Semetei"]
[Black "Cheng, Xiao"]
[WhiteFideId "13800574"]
[BlackFideId "2022915"]
[WhiteElo "2605"]
[BlackElo "2487"]
[Result "1-0"]
[Round "9"]
[TimeControl "180+1"]
[Date "2023.08.01"]
[WhiteClock "0:01:34"]
[BlackClock "0:01:33"]
[Board "42"]

1. e4 c5 2. Nf3 e6 3. d4 cxd4 4. Nxd4 d6 5. Nc3 a6 6. a4 Nf6 7. Be2 Be7 8. O-O O-O 9. Be3 Nc6 10. Nb3 Qc7 11. a5 Nd7 12. f4 Nc5 13. Nxc5 dxc5 14. e5 Rd8 15. Qe1 Nd4 16. Bd3 c4 17. Be4 Bc5 18. Kh1 Bd7 19. Rd1 Bc6 20. Qf2 g6 21. Bxd4 Bxd4 22. Rxd4 Qxa5 23. Bxc6 bxc6 24. Rxc4 Rab8 25. b3 Qa3 26. Ne4 h5 27. h3 Rb4 28. Nf6+ Kg7 29. Rxc6 Qb2 30. Rxe6 fxe6 31. Qa7+ Kf8 32. Qc5+ Kf7 33. Qc7+ Kf8 34. Qxd8+ 1-0


[Site "https://www.chess.com"]

[Event "Titled Tuesday Blitz August 1 Late 2023"]
[White "Kielinkei"]
[Black "Manukyan, Sargis V."]
[BlackFideId "13303465"]
[WhiteElo "2441"]
[BlackElo "2600"]
[Result "0-1"]
[Round "9"]
[TimeControl "180+1"]
[Date "2023.08.01"]
[WhiteClock "0:00:00"]
[BlackClock "0:00:19"]
[Board "43"]

1. Nf3 Nf6 2. g3 b5 3. Bg2 Bb7 4. Na3 a6 5. c4 e5 6. O-O Bxa3 7. bxa3 d6 8. d4 e4 9. Nd2 O-O 10. a4 bxc4 11. Nxc4 Nc6 12. Rb1 Rb8 13. Ba3 Re8 14. Qd2 Ba8 15. e3 h5 16. Qc2 Qd7 17. Rxb8 Rxb8 18. f3 exf3 19. Bxf3 Nb4 20. Bxb4 Bxf3 21. Rxf3 Rxb4 22. Nd2 Rxa4 23. Rxf6 gxf6 24. Ne4 Kg7 25. Nc3 Rc4 26. Qd3 Qc6 27. Ne2 Rc2 28. Nf4 Rc1+ 29. Kf2 Qc2+ 30. Qxc2 Rxc2+ 31. Kf3 Rxh2 32. Ng2 Rxg2 33. Kxg2 c5 0-1


[Site "https://www.chess.com"]